 Seeded DCSS version 0.27-a0-40-g5f2be0e231 (webtiles) character file.

Game seed: 3165166927895876312 (custom seed)

32 muata the Sneak (level 3, 0/16 HPs)
             Began as a Spriggan Enchanter on Jan 5, 2021.
             Succumbed to an adder's poison
             ... on level 2 of the Dungeon.
             The game lasted 00:05:18 (1240 turns).

muata the Sneak (Spriggan Enchanter)                Turns: 1240, Time: 00:05:18

Health: 0/16       AC:  3    Str:  5    XL:     3   Next: 8%
Magic:  8/8        EV: 19    Int: 16    God:
Gold:   53         SH:  0    Dex: 16    Spells: 7/8 levels left

rFire    . . .     SeeInvis +   a - +1 dagger
rCold    . . .     Faith    .   (shield restricted)
rNeg     . . .     Spirit   .   b - +0 robe
rPois    .         Reflect  .   (helmet restricted)
rElec    .         Harm     .   j - +0 cloak
rCorr    .         Rampage  .   (gloves unavailable)
Will     .....                  (boots unavailable)
Stlth    +++.......             (no amulet)
HPRegen  0.05/turn              (no ring)
MPRegen  0.11/turn              (no ring)

@: lethally poisoned (0 -> -2), hasted, very quick
A: very small, unfitting armour, see invisible, speed 3
a: no special abilities


You were on level 2 of the Dungeon.
You visited 1 branch of the dungeon, and saw 2 of its levels.

You collected 53 gold pieces.

Inventory:

Hand Weapons
 a - a +1 dagger (weapon)
Missiles
 c - 6 datura-tipped darts
 d - 4 boomerangs
 k - 33 stones
Armour
 b - a +0 robe (worn)
 j - a +0 cloak (worn)
Scrolls
 e - a scroll of identify {unknown}
 f - 2 scrolls of teleportation {unknown}
 h - a scroll of noise {unknown}


   Skills:
 + Level 1.6 Short Blades
 + Level 3.5 Dodging
 + Level 5.0 Stealth
 + Level 3.1 Spellcasting
 + Level 4.0 Hexes


You had 7 spell levels left.
You knew the following spells:

 Your Spells              Type           Power        Failure   Level
a - Corona                Hex            16%          3%          1

Your spell library contained the following spells:

 Spells                   Type           Power        Failure   Level
 Confusing Touch          Hex            15%          11%         3
 Tukima's Dance           Hex            15%          11%         3
 Ensorcelled Hibernation  Hex/Ice        18%          12%         2
 Dazzling Flash           Conj/Hex       18%          24%         3


Dungeon Overview and Level Annotations

Branches:
Dungeon (2/15)

Altars:


Innate Abilities, Weirdness & Mutations

You are very small and have problems with some larger weapons.
You are too small for most types of armour.
You have supernaturally acute eyesight. (SInv)
You cover ground extremely quickly.


Message History

It was a potion of haste.
You feel yourself speed up.
* * * LOW HITPOINT WARNING * * *
You feel sick.
There is a lethal amount of poison in your body!
* * * LOW HITPOINT WARNING * * *
You feel sick.
* * * LOW HITPOINT WARNING * * *
You feel sick.
* * * LOW HITPOINT WARNING * * *
You feel sick.
Your transformation is almost over.
* * * LOW HITPOINT WARNING * * *
You feel sick.
* * * LOW HITPOINT WARNING * * *
You feel sick.
* * * LOW HITPOINT WARNING * * *
You feel sick.
You feel less wooden.
Your +0 cloak unmelds from your body.
Your +0 robe unmelds from your body.
You die...

##########
......†@.#
########)# #.#
#.# #.#
#.########.#####
#...<..........#
#.#######...##.#
#.#.#.#


There were no monsters in sight!

Vanquished Creatures
  An adder (D:2)
  An ooze (D:1)
  A worm (D:2)
  A dart slug (D:1)
  A bat (D:1)
  3 goblins
  A hobgoblin (D:1)
  A frilled lizard (D:1)
  3 kobolds (D:1)
  2 rats (D:1)
15 creatures vanquished.

Notes
Turn   | Place    | Note
-------+----------+-------------------------------------------
     0 | D:1      | muata the Spriggan Enchanter began the quest for the Orb.
     0 | D:1      | Reached XP level 1. HP: 9/9 MP: 5/5
   600 | D:1      | Reached XP level 2. HP: 13/13 MP: 6/6
  1211 | D:2      | Reached skill level 5 in Stealth
  1211 | D:2      | Reached XP level 3. HP: 5/16 MP: 6/8
  1235 | D:2      | HP: 1/24 [poisoned by an adder]
  1240 | D:2      | Succumbed to an adder's poison

Illustrated notes

Levels and vault maps discovered:
D:1:      saegor_arrival_simple_b, layout_loops_corners
D:2:      minmay_diamond_boxcup, layout_loops_ring, minmay_pentomino_q4

Skill      XL: |  1  2 |
---------------+-------+-----
Spellcasting   | 3 |  3.1
Hexes          | 4 |  4.0
Stealth        | 5 |  5.0
Short Blades   | |  1.6
Dodging        | |  3.5

Action                   || total
-------------------------++-------
Melee: Dagger            ||    47
 Cast: Corona            ||     2
  Use: Potion            ||     2
 Stab: Sleeping          ||     8
Armor: Robe              ||     2
Dodge: Dodged            ||    36

Table legend: (Time is in decaauts)
 A = Elapsed time spent in this place.
 B = Non-inter-level travel time spent in this place.
 C = Inter-level travel time spent in this place.
 D = Time resting spent in this place.
 E = Time spent auto-exploring this place.
 F = Levels seen in this place.
 G = Mean time per level.
                   A        B        C        D        E       F      G
               +--------+--------+--------+--------+--------+-----+--------+
         Total |    899 |    828 |     71 |    216 |    450 |   2 |  449.5 |
       Dungeon |    899 |    828 |     71 |    216 |    450 |   2 |  449.5 |
               +--------+--------+--------+--------+--------+-----+--------+

Top non-repeatable levels by time:
     D:1: 857 daAuts
     D:2: 41 daAuts
